| TOP OF THE 1ST |
|
Dallas-Fort Worth Rangers batting - Pitching for Amarillo Gold Sox : RHP Larry Kuhn
|
|
Pitching: RHP Larry Kuhn
|
|
|
Batting: RHB Phil Bradley
|
0-0: Called Strike 0-1: Called Strike 0-2: Fly out, F9 (Flyball, 9LM, EV 76.3 MPH)
|
|
Batting: LHB Stan Levi
|
0-0: Foul Ball, location: 2F 0-1: Fly out, F8 (Flyball, 89M, EV 81.3 MPH)
|
|
Batting: LHB Sid Bream
|
0-0: Ball 1-0: Ball 2-0: Fly out, F8 (Flyball, 8LM, EV 80.6 MPH)
|
| Top of the 1st over - 0 runs, 0 hits, 0 errors, 0 left on base; Dallas-Fort Worth 0 - Amarillo 0 |
| BOTTOM OF THE 1ST |
|
Amarillo Gold Sox batting - Pitching for Dallas-Fort Worth Rangers : RHP Billy Hawley
|
|
Pitching: RHP Billy Hawley
|
|
|
Batting: SHB Mike Felder
|
0-0: Ball 1-0: Ball 2-0: Fly out, F7 (Flyball, 7S, EV 79.4 MPH)
|
|
Batting: LHB Hector Arroyo
|
0-0: Foul Ball, location: 2F 0-1: Ball 1-1: Ball 2-1: Ground out U3 (Groundball, 3L, EV 88.1 MPH)
|
|
Batting: SHB Al Newman
|
0-0: Foul Ball, location: 2F 0-1: Ball 1-1: Fly out, F7 (Flyball, 7, EV 86.3 MPH)
|
| Bottom of the 1st over - 0 runs, 0 hits, 0 errors, 0 left on base; Dallas-Fort Worth 0 - Amarillo 0 |
| TOP OF THE 2ND |
|
Dallas-Fort Worth Rangers batting - Pitching for Amarillo Gold Sox : RHP Larry Kuhn
|
|
Batting: RHB Terry Lee
|
0-0: Called Strike 0-1: Ball 1-1: Ground out 6-3 (Groundball, 6, EV 103.1 MPH)
|
|
Batting: LHB Garcia Gutierrez
|
0-0: Ball 1-0: Foul Ball, location: 2F 1-1: Foul Ball, location: 2F 1-2: SINGLE (Line Drive, 9LS, EV 103.1 MPH)
|
|
Batting: RHB Ross Jones
|
0-0: Called Strike 0-1: SINGLE (Groundball, 34S, EV 77.5 MPH) (infield hit) Garcia Gutierrez to second
|
|
Batting: RHB Steve Nicosia
|
0-0: Ball 1-0: Ball 2-0: Foul Ball, location: 2F 2-1: Called Strike 2-2: Foul Ball, location: 2F 2-2: Ball 3-2: SINGLE (Groundball, 6MD, EV 103.1 MPH) Garcia Gutierrez to third Ross Jones to second Runner from 3rd tries for Home, SAFE, throw by CF to home
|
|
Batting: RHB Alex Zermeno
|
0-0: Fly out, F4 (Line Drive, 4, EV 65.0 MPH)
|
|
Batting: SHB Eski Viltz
|
0-0: Ball 1-0: Ball 2-0: Ball 3-0: Base on Balls Ross Jones to third Steve Nicosia to second
|
|
Batting: RHB Phil Bradley
|
0-0: Swinging Strike 0-1: Ball 1-1: Ball 2-1: Foul Ball, location: 2F 2-2: Ball 3-2: Foul Ball, location: 2F 3-2: Base on Balls Ross Jones scores Steve Nicosia to third Eski Viltz to second
|
|
Batting: LHB Stan Levi
|
0-0: Ball Wild Pitch! Steve Nicosia scores Eski Viltz to third Phil Bradley to second 1-0: Ball 2-0: Ball 3-0: Called Strike 3-1: Foul Ball, location: 2F 3-2: SINGLE (Groundball, 34S, EV 63.8 MPH) (infield hit) Eski Viltz scores Phil Bradley to third
|
|
Batting: LHB Sid Bream
|
0-0: Ball 1-0: Called Strike 1-1: Ball 2-1: Ball 3-1: Base on Balls Stan Levi to second
|
|
Batting: RHB Terry Lee
|
0-0: Ball 1-0: Called Strike 1-1: Called Strike 1-2: Ground out 4-3 (Groundball, 4MS, EV 94.4 MPH)
|
| Top of the 2nd over - 4 runs, 4 hits, 0 errors, 3 left on base; Dallas-Fort Worth 4 - Amarillo 0 |
| BOTTOM OF THE 2ND |
|
Amarillo Gold Sox batting - Pitching for Dallas-Fort Worth Rangers : RHP Billy Hawley
|
|
Batting: RHB Bill Pecota
|
0-0: Ball 1-0: Ground out 3-1 (Groundball, 13, EV 85.6 MPH)
|
|
Batting: SHB Steve Jeltz
|
0-0: Ball 1-0: Called Strike 1-1: Foul Ball, location: 2F 1-2: Ground out 3-1 (Groundball, 34, EV 105.0 MPH)
|
|
Batting: LHB Derwin McNealy
|
0-0: SINGLE (Line Drive, 78M, EV 93.8 MPH)
|
|
Batting: LHB Russ Laribee
|
0-0: Fly out, F5 (Popup, 56, EV 75.0 MPH)
|
| Bottom of the 2nd over - 0 runs, 1 hit, 0 errors, 1 left on base; Dallas-Fort Worth 4 - Amarillo 0 |
| TOP OF THE 3RD |
|
Dallas-Fort Worth Rangers batting - Pitching for Amarillo Gold Sox : RHP Larry Kuhn
|
|
Batting: LHB Garcia Gutierrez
|
0-0: Ball 1-0: SINGLE (Groundball, 4D, EV 108.8 MPH)
|
|
Batting: RHB Ross Jones
|
0-0: Foul Ball, location: 2F 0-1: Foul Ball, location: 2F 0-2: Ball 1-2: DOUBLE (Flyball, 8LXD, EV 105.6 MPH) Garcia Gutierrez to third
|
|
Batting: RHB Steve Nicosia
|
0-0: Ball 1-0: Ball 2-0: Swinging Strike 2-1: Ground out 1-3 (Groundball, P, EV 66.9 MPH)
|
|
Batting: RHB Alex Zermeno
|
0-0: Ground out 1-3 (Groundball, 34S, EV 66.3 MPH)
|
|
Batting: SHB Eski Viltz
|
0-0: Ball 1-0: Ball 2-0: Foul Ball, location: 2F 2-1: SINGLE (Groundball, 56S, EV 69.4 MPH) (infield hit) Garcia Gutierrez scores Ross Jones to third
|
|
Batting: RHB Phil Bradley
|
0-0: Called Strike 0-1: Ball 1-1: Ball 2-1: Ball Eski Viltz steals 2nd base 3-1: Fly out, F7 (Flyball, 7D, EV 100.6 MPH)
|
| Top of the 3rd over - 1 run, 3 hits, 0 errors, 2 left on base; Dallas-Fort Worth 5 - Amarillo 0 |
| BOTTOM OF THE 3RD |
|
Amarillo Gold Sox batting - Pitching for Dallas-Fort Worth Rangers : RHP Billy Hawley
|
|
Batting: RHB Vic Alvarado
|
0-0: Ball 1-0: Ball 2-0: Foul Ball, location: 2F 2-1: Ground out 5-3 (Groundball, 56S, EV 71.9 MPH)
|
|
Batting: RHB Todd Smith
|
0-0: Ball 1-0: Swinging Strike 1-1: Swinging Strike 1-2: Ball 2-2: Foul Ball, location: 2F 2-2: Foul Ball, location: 2F 2-2: DOUBLE (Line Drive, 78D, EV 106.9 MPH)
|
|
Batting: SHB Mike Felder
|
0-0: Called Strike 0-1: Ball 1-1: Ball Passed Ball! Todd Smith to third 2-1: Foul Ball, location: 2F 2-2: Ground out 5-3 (Groundball, 5L, EV 86.9 MPH)
|
|
Batting: LHB Hector Arroyo
|
0-0: Called Strike 0-1: Ground out 4-3 (Groundball, 4, EV 82.5 MPH)
|
| Bottom of the 3rd over - 0 runs, 1 hit, 0 errors, 1 left on base; Dallas-Fort Worth 5 - Amarillo 0 |
| TOP OF THE 4TH |
|
Dallas-Fort Worth Rangers batting - Pitching for Amarillo Gold Sox : RHP Larry Kuhn
|
|
Batting: LHB Stan Levi
|
0-0: Ball 1-0: Ball 2-0: Ball 3-0: Base on Balls
|
|
Batting: LHB Sid Bream
|
0-0: Called Strike 0-1: Foul Ball, location: 2F 0-2: Strikes out looking
|
|
Batting: RHB Terry Lee
|
0-0: Called Strike 0-1: Ball 1-1: Grounds into double play, 4-6-3 (Groundball, 4, EV 85.0 MPH)
|
| Top of the 4th over - 0 runs, 0 hits, 0 errors, 0 left on base; Dallas-Fort Worth 5 - Amarillo 0 |
| BOTTOM OF THE 4TH |
|
Amarillo Gold Sox batting - Pitching for Dallas-Fort Worth Rangers : RHP Billy Hawley
|
|
Batting: SHB Al Newman
|
0-0: Fly out, F7 (Flyball, 7LM, EV 95.6 MPH)
|
|
Batting: RHB Bill Pecota
|
0-0: Foul Ball, location: 2F 0-1: Swinging Strike 0-2: Strikes out swinging
|
|
Batting: SHB Steve Jeltz
|
0-0: Foul Ball, location: 2F 0-1: Ball 1-1: Ball 2-1: Foul Ball, location: 2F 2-2: Foul Ball, location: 2F 2-2: Ball 3-2: Foul Ball, location: 2F 3-2: SINGLE (Groundball, 4MD, EV 111.9 MPH)
|
|
Batting: LHB Derwin McNealy
|
0-0: Called Strike Steve Jeltz is caught stealing 2nd base 2-6
|
| Bottom of the 4th over - 0 runs, 1 hit, 0 errors, 0 left on base; Dallas-Fort Worth 5 - Amarillo 0 |
| TOP OF THE 5TH |
|
Dallas-Fort Worth Rangers batting - Pitching for Amarillo Gold Sox : RHP Larry Kuhn
|
|
Batting: LHB Garcia Gutierrez
|
0-0: Swinging Strike 0-1: Ground out 1-3 (Groundball, 13S, EV 64.4 MPH)
|
|
Batting: RHB Ross Jones
|
0-0: Ball 1-0: Ball 2-0: Ball 3-0: Called Strike 3-1: Base on Balls
|
|
Batting: RHB Steve Nicosia
|
0-0: Ball 1-0: Ball 2-0: Ball 3-0: Called Strike 3-1: Base on Balls Ross Jones to second
|
|
Pitching: RHP Alec Christianson
|
|
|
Batting: RHB Alex Zermeno
|
0-0: Called Strike 0-1: SINGLE (Groundball, 34D, EV 93.8 MPH) Ross Jones to third Steve Nicosia to second Runner from 3rd tries for Home, SAFE, throw by RF to home
|
|
Batting: SHB Eski Viltz
|
0-0: Called Strike 0-1: Fly out, F8 (Flyball, 8RD, EV 72.5 MPH)
|
|
Batting: RHB Phil Bradley
|
0-0: Ball 1-0: Fly out, F8 (Flyball, 8RM, EV 85.6 MPH)
|
| Top of the 5th over - 1 run, 1 hit, 0 errors, 2 left on base; Dallas-Fort Worth 6 - Amarillo 0 |
| BOTTOM OF THE 5TH |
|
Amarillo Gold Sox batting - Pitching for Dallas-Fort Worth Rangers : RHP Billy Hawley
|
|
Batting: LHB Derwin McNealy
|
0-0: Foul Ball, location: 2F 0-1: Ball 1-1: Called Strike 1-2: Ball 2-2: Ball 3-2: Foul Ball, location: 2F 3-2: Base on Balls
|
|
Batting: LHB Russ Laribee
|
0-0: Called Strike 0-1: SINGLE (Line Drive, 8LS, EV 93.8 MPH) Derwin McNealy to second Runner from 2nd tries for 3rd, SAFE, no throw by CF
|
|
Batting: RHB Vic Alvarado
|
0-0: Called Strike 0-1: Foul Ball, location: 2F 0-2: Foul Ball, location: 2F 0-2: Foul Ball, location: 2F 0-2: Fly out, F9 (Line Drive, 9, EV 93.8 MPH) Runner from 3rd tags up, SCORES, no throw by RF
|
|
Batting: RHB Todd Smith
|
0-0: Foul Ball, location: 2F 0-1: Fly out, F7 (Flyball, 7LM, EV 104.4 MPH)
|
|
Batting: SHB Mike Felder
|
0-0: Ball 1-0: Fly out, F8 (Flyball, 89M, EV 87.5 MPH)
|
| Bottom of the 5th over - 1 run, 1 hit, 0 errors, 1 left on base; Dallas-Fort Worth 6 - Amarillo 1 |
| TOP OF THE 6TH |
|
Dallas-Fort Worth Rangers batting - Pitching for Amarillo Gold Sox : RHP Alec Christianson
|
|
Batting: LHB Stan Levi
|
0-0: Ball 1-0: Ball 2-0: Ball 3-0: Called Strike 3-1: Foul Ball, location: 2F 3-2: Strikes out swinging
|
|
Batting: LHB Sid Bream
|
0-0: Ball 1-0: Ball 2-0: Ground out 4-3 (Groundball, 4, EV 90.6 MPH)
|
|
Batting: RHB Terry Lee
|
0-0: Called Strike 0-1: Ball 1-1: Ball 2-1: Ball 3-1: Called Strike 3-2: Foul Ball, location: 2F 3-2: Base on Balls
|
|
Batting: LHB Garcia Gutierrez
|
0-0: Called Strike 0-1: Ball 1-1: Fly out, F7 (Line Drive, 7, EV 104.4 MPH)
|
| Top of the 6th over - 0 runs, 0 hits, 0 errors, 1 left on base; Dallas-Fort Worth 6 - Amarillo 1 |
| BOTTOM OF THE 6TH |
|
Amarillo Gold Sox batting - Pitching for Dallas-Fort Worth Rangers : RHP Billy Hawley
|
|
Batting: LHB Hector Arroyo
|
0-0: Ball 1-0: Ball 2-0: Called Strike 2-1: Swinging Strike 2-2: SINGLE (Line Drive, 34D, EV 95.0 MPH)
|
|
Batting: SHB Al Newman
|
0-0: Ball 1-0: Foul Ball, location: 2F 1-1: Ball 2-1: SINGLE (Line Drive, 89S, EV 108.8 MPH) Hector Arroyo to second
|
|
Batting: RHB Bill Pecota
|
0-0: Foul Ball, location: 2F 0-1: Ball 1-1: Foul Ball, location: 2F 1-2: Ball 2-2: TRIPLE (Line Drive, 89XD, EV 113.1 MPH) Hector Arroyo scores Al Newman scores
|
|
Batting: SHB Steve Jeltz
|
0-0: Ball 1-0: Called Strike 1-1: Foul Ball, location: 2F 1-2: Ball 2-2: Ball 3-2: SINGLE (Groundball, 6MD, EV 93.8 MPH) Bill Pecota scores
|
|
Batting: LHB Derwin McNealy
|
0-0: Called Strike 0-1: Ball 1-1: Bunt missed! 1-2: Ball 2-2: Foul Ball, location: 2F 2-2: Ball 3-2: Base on Balls Steve Jeltz to second
|
|
Batting: LHB Russ Laribee
|
0-0: Ball 1-0: Ball 2-0: Ball 3-0: Base on Balls Steve Jeltz to third Derwin McNealy to second
|
|
Batting: RHB Vic Alvarado
|
0-0: Ball 1-0: Foul Ball, location: 2F 1-1: Ball 2-1: Foul Ball, location: 2F 2-2: Foul Ball, location: 2F 2-2: Ball 3-2: Fly out, F8 (Flyball, 89M, EV 82.5 MPH) Runner from 3rd tags up, SCORES, throw by CF
|
|
Batting: RHB Todd Smith
|
0-0: Fly out, F7 (Flyball, 7LM, EV 99.4 MPH)
|
|
Batting: SHB Mike Felder
|
0-0: Swinging Strike 0-1: Ball 1-1: Ball 2-1: 3-RUN HOME RUN (Line Drive, 9D, EV 105.0 MPH), Distance : 378 ft
|
|
Pitching: RHP Randy McGilberry
|
|
|
Batting: LHB Hector Arroyo
|
0-0: Called Strike 0-1: Ball 1-1: Ball 2-1: Ball 3-1: Foul Ball, location: 2F 3-2: Ground out 5-3 (Groundball, 56, EV 106.9 MPH)
|
| Bottom of the 6th over - 7 runs, 5 hits, 0 errors, 0 left on base; Dallas-Fort Worth 6 - Amarillo 8 |
| TOP OF THE 7TH |
|
Dallas-Fort Worth Rangers batting - Pitching for Amarillo Gold Sox : RHP Alec Christianson
|
|
Batting: RHB Ross Jones
|
0-0: Ball 1-0: Swinging Strike 1-1: Swinging Strike 1-2: Strikes out swinging
|
|
Batting: RHB Steve Nicosia
|
0-0: Ball 1-0: Foul Ball, location: 2F 1-1: Foul Ball, location: 2F 1-2: SOLO HOME RUN (Flyball, 7LD, EV 108.1 MPH), Distance : 351 ft
|
|
Batting: RHB Alex Zermeno
|
0-0: Ball 1-0: Called Strike 1-1: Called Strike 1-2: Strikes out swinging
|
|
Batting: SHB Eski Viltz
|
0-0: Swinging Strike 0-1: SINGLE (Groundball, 6S, EV 72.5 MPH) (infield hit)
|
|
Batting: RHB Phil Bradley
|
0-0: Ball 1-0: Swinging Strike 1-1: Ball Eski Viltz steals 2nd base 2-1: Foul Ball, location: 2F 2-2: Foul Ball, location: 2F 2-2: Ball 3-2: Fly out, F1 (Line Drive, P, EV 73.8 MPH)
|
| Top of the 7th over - 1 run, 2 hits, 0 errors, 1 left on base; Dallas-Fort Worth 7 - Amarillo 8 |
| BOTTOM OF THE 7TH |
|
Amarillo Gold Sox batting - Pitching for Dallas-Fort Worth Rangers : RHP Randy McGilberry
|
|
Batting: SHB Al Newman
|
0-0: Ball 1-0: Ball 2-0: Called Strike 2-1: Foul Ball, location: 2F 2-2: SINGLE (Line Drive, 6MD, EV 96.3 MPH)
|
|
Batting: RHB Bill Pecota
|
0-0: Ball 1-0: Foul Ball, location: 2F 1-1: Called Strike 1-2: Ball 2-2: Ball 3-2: SINGLE (Line Drive, 9LS, EV 93.1 MPH) Al Newman to second Al Newman to third
|
|
Batting: SHB Steve Jeltz
|
0-0: Ball 1-0: Ground out 4-3 (Groundball, 34S, EV 89.4 MPH) Bill Pecota to second
|
|
Batting: LHB Derwin McNealy
|
0-0: Ball 1-0: Ball 2-0: Ball 3-0: Called Strike 3-1: Foul Ball, location: 2F 3-2: Base on Balls
|
|
Batting: LHB Russ Laribee
|
0-0: Ball 1-0: Foul Ball, location: 2F 1-1: TRIPLE (Flyball, 5D, EV 91.3 MPH) Al Newman scores Bill Pecota scores Derwin McNealy scores
|
|
Pitching: LHP Manny Sandate
|
|
|
Batting: RHB Vic Alvarado
|
0-0: Called Strike 0-1: Ground out 6-3 (Groundball, 56, EV 82.5 MPH) Russ Laribee scores
|
|
Batting: RHB Todd Smith
|
0-0: Fly out, F7 (Flyball, 7LM, EV 95.6 MPH)
|
| Bottom of the 7th over - 4 runs, 3 hits, 0 errors, 0 left on base; Dallas-Fort Worth 7 - Amarillo 12 |
| TOP OF THE 8TH |
|
Dallas-Fort Worth Rangers batting - Pitching for Amarillo Gold Sox : RHP Alec Christianson
|
|
Batting: LHB Stan Levi
|
0-0: Ball 1-0: Ball 2-0: Called Strike 2-1: Foul Ball, location: 2F 2-2: Ball 3-2: SINGLE (Groundball, 34S, EV 83.1 MPH) (infield hit)
|
|
Batting: LHB Sid Bream
|
0-0: Called Strike 0-1: Fly out, F3 (Line Drive, 3, EV 76.9 MPH)
|
|
Pitching: RHP Luis Peralta
|
|
|
Batting: RHB Terry Lee
|
0-0: Ball 1-0: Fly out, F7 (Flyball, 78M, EV 79.4 MPH)
|
|
Batting: LHB Garcia Gutierrez
|
0-0: Fly out, F6 (Line Drive, 6, EV 68.1 MPH)
|
| Top of the 8th over - 0 runs, 1 hit, 0 errors, 1 left on base; Dallas-Fort Worth 7 - Amarillo 12 |
| BOTTOM OF THE 8TH |
|
Amarillo Gold Sox batting - Pitching for Dallas-Fort Worth Rangers : LHP Manny Sandate
|
|
Batting: SHB Mike Felder
|
0-0: Ball 1-0: Ground out 4-3 (Groundball, 34, EV 83.8 MPH)
|
|
Batting: LHB Hector Arroyo
|
0-0: Ball 1-0: Called Strike 1-1: Ball 2-1: Called Strike 2-2: Foul Ball, location: 2F 2-2: Ground out 1-3 (Groundball, 15S, EV 76.3 MPH)
|
|
Batting: SHB Al Newman
|
0-0: Called Strike 0-1: Called Strike 0-2: Ball 1-2: Ball 2-2: SINGLE (Groundball, 5S, EV 74.4 MPH) (infield hit)
|
|
Batting: RHB Bill Pecota
|
0-0: Ball 1-0: Foul Ball, location: 2F 1-1: Ground out 5-3 (Groundball, 56, EV 100.0 MPH)
|
| Bottom of the 8th over - 0 runs, 1 hit, 0 errors, 1 left on base; Dallas-Fort Worth 7 - Amarillo 12 |
| TOP OF THE 9TH |
|
Dallas-Fort Worth Rangers batting - Pitching for Amarillo Gold Sox : RHP Luis Peralta
|
|
Pitching: RHP Bob Tewksbury
|
|
|
Batting: RHB Ross Jones
|
0-0: Foul Ball, location: 2F 0-1: Foul Ball, location: 2F 0-2: Ball 1-2: Foul Ball, location: 2F 1-2: Ball 2-2: SINGLE (Line Drive, 78S, EV 98.1 MPH)
|
|
Batting: RHB Steve Nicosia
|
0-0: Ball 1-0: Foul Ball, location: 2F 1-1: Foul Ball, location: 2F 1-2: Foul Ball, location: 2F 1-2: Ball 2-2: Ball 3-2: Reached on error, E6 (Groundball, 6, EV 107.5 MPH) Ross Jones to second
|
|
Batting: RHB Alex Zermeno
|
0-0: SINGLE (Line Drive, 8LS, EV 109.4 MPH) Ross Jones to third Steve Nicosia to second
|
|
Batting: SHB Eski Viltz
|
0-0: Called Strike 0-1: Swinging Strike 0-2: Foul Ball, location: 2F 0-2: Strikes out looking
|
|
Batting: RHB Phil Bradley
|
0-0: Swinging Strike 0-1: Ball 1-1: Fielders Choice at 2nd, 5-4 (Groundball, 56, EV 106.9 MPH) Ross Jones scores Steve Nicosia to third
|
|
Batting: LHB Stan Levi
|
0-0: Ball 1-0: Called Strike 1-1: Foul Ball, location: 2F 1-2: Ball 2-2: Fly out, F8 (Flyball, 78D, EV 88.1 MPH)
|
| Top of the 9th over - 1 run, 2 hits, 1 error, 2 left on base; Dallas-Fort Worth 8 - Amarillo 12 |
|